 Dungeon Crawl Stone Soup version 0.30-b1-2-g02819fbbbe (webtiles) character file.

Game seed: 13713102569660670784

290 raph the Ruffian (level 6, -2/50 HPs)
             Began as a Draconian Transmuter on Nov 27, 2023.
             Slain by a wight
             ... wielding a +2 halberd of freezing
              (4 damage)
             ... on level 3 of the Dungeon.
             The game lasted 00:04:03 (2646 turns).

raph the Ruffian (Draconian Transmuter)             Turns: 2646, Time: 00:04:04

Health: -2/50      AC:  6    Str: 12    XL:     6   Next: 9%
Magic:  9/10       EV: 12    Int: 16    God:
Gold:   73         SH:  0    Dex: 11    Spells: 4/10 levels left

rFire   . .          .
                       - Unarmed
rCold   . . .        (no shield)
rNeg    . . .        (body armour unavailable)
rPois   .            (helmet currently unavailable)
rElec   .            (no cloak)
rCorr   .            (no gloves)
SInv    .            (boots currently unavailable)
Will    .....        (no amulet)
Stlth   +            (no ring)
HPRegen 0.28/turn    (no ring)
MPRegen 0.12/turn

%: no passive effects
@: appendages, slowed, very slow
A: horns 2, talons 2, AC +6, unfitting armour, cold-blooded
a: End Transformation


You were on level 3 of the Dungeon.
You had temporarily grown beastly horns and talons.
You visited 1 branch of the dungeon, and saw 4 of its levels.

You collected 73 gold pieces.

Inventory:

Scrolls
 b - a scroll of poison {unknown}
 c - a scroll of teleportation
 e - 2 scrolls of identify
 g - a scroll of fog {unknown}
Potions
 a - a potion of lignification
 d - a potion of haste
 f - a potion of flight {unknown}
 h - a potion of cancellation {unknown}
 i - a potion of brilliance {unknown}
 j - a potion of curing {unknown}


   Skills:
 + Level 2.6 Fighting
 + Level 2.8 Dodging
 * Level 4.4 Unarmed Combat
 + Level 2.8 Spellcasting
 * Level 3.7 Transmutations


You had 4 spell levels left.
You knew the following spells:

 Your Spells              Type           Power      Damage    Failure   Level
a - Beastly Appendage     Tmut           28%        N/A       4%          1
b - Wereblood             Tmut           14%        N/A       6%          2
c - Spider Form           Tmut/Pois      8%         N/A       26%         3

Your spell library contained the following spells:

 Spells                   Type           Power      Damage    Failure   Level
 Kiss of Death            Conj/Necr      8%         2d6       19%         1
 Ice Form                 Ice/Tmut       8%         N/A       65%         4


Dungeon Overview and Level Annotations

Branches:
Dungeon (4/15)
 Temple: D:4-7

Altars:


Innate Abilities, Weirdness & Mutations

You have temporarily grown beastly horns and talons.
Your plain brown scales are hard. (AC +6)
You cannot fit into any form of body armour.
You are cold-blooded and may be slowed by cold attacks.


Message History

You start resting.
You howl as the wereblood boils in your veins!
Your primal bloodlust has ended.
You start resting.
Magic restored.
You start resting.
HP restored.
Items here: )) [[.
Okay, then.
e - 2 scrolls of identify (gained 1) 2 wights come into view.
A wight is wielding a +2 halberd of freezing.
Items here: )) [[.
There is a stone staircase leading up here.
The wight closely misses you.
There is a stone staircase leading up here.
The wight hits you with a +2 halberd of freezing!
You feel yourself slow down. The wight freezes you.
You climb upwards.
You feel yourself speed up.
There is a stone staircase leading down here.
Casting: Wereblood (safe; 6% risk of failure)
Confirm with . or Enter, or press ? or * to list all spells.
You grow a pair of large bovine horns.
Your feet morph into talons.
The wight hits you with a +2 halberd of freezing!
You feel yourself slow down. The wight freezes you.
You hit the wight but do no damage. You claw the wight.
You headbutt the wight, but do no damage.
The wight is moderately damaged.
The wight hits you with a +2 halberd of freezing!
You feel as though you will be slow longer.
The wight freezes you.
* * * LOW HITPOINT WARNING * * *
You closely miss the wight.
Your tail-slap misses the wight.
The wight is moderately damaged.
The wight hits you with a +2 halberd of freezing!
* * * LOW HITPOINT WARNING * * *
You feel as though you will be slow longer.
The wight freezes you.
You die...

###########
#.........#
#.#######.###########
#.#### #...........#
#.##@####......####.#
#.#.#z...#.###.# #.#
#.##.###.#.# #.## #.#
#.##.# #.#)###..###.#
#####.##.#
#...).)....#.#
#........#
###.####.#.#.#
#########.....#..#
#.# #.#.#.#
.................#
#.####.#.#.#
.#######....###.##
#..........#


You could see a wight.

Vanquished Creatures
  2 wights (D:4)
  An orc priest (D:3)
  8 gnolls (D:2)
  3 adders
  2 worms (D:3)
  A dart slug (D:1)
  5 orcs
  5 bats
  3 endoplasms
  4 giant cockroaches
  3 goblins (D:1)
  4 hobgoblins
  A quokka (D:3)
  3 ball pythons (D:1)
  2 frilled lizards
  2 kobolds
  3 rats
52 creatures vanquished.

Notes
Turn   | Place    | Note
-------+----------+-------------------------------------------
     0 | D:1      | raph the Draconian Transmuter began the quest for the Orb.
     0 | D:1      | Reached XP level 1. HP: 16/16 MP: 3/3
    63 | D:1      | Reached XP level 2. HP: 23/23 MP: 3/5
   100 | D:1      | Found a faded altar of an unknown god.
   124 | D:1      | Got Plato's Grimoire of Kinetic Energy
   347 | D:1      | Learned a level 2 spell: Wereblood
   796 | D:2      | Reached XP level 3. HP: 26/29 MP: 2/6
   815 | D:2      | Reached XP level 4. HP: 19/36 MP: 3/7
  1597 | D:3      | Reached skill level 4 in Unarmed Combat
  1597 | D:3      | Reached XP level 5. HP: 19/41 MP: 4/8
  1773 | D:3      | Learned a level 3 spell: Spider Form
  2439 | D:4      | HP: 2/42 [wight/+0 dire flail (6)]
  2441 | D:4      | Reached XP level 6. HP: 7/50 MP: 7/10
  2646 | D:3      | HP: 2/50 [wight/+2 halberd of freezing (9)]
  2646 | D:3      | Slain by a wight

Illustrated notes

Levels and vault maps discovered:
D:1:      psy_arrival_conway, layout_rooms, shapermc_ecumenical_altar_rom_forum,
          kennysheep_flooded_box
D:2:      cheibrodos_helix_gallery, layout_basic
D:3:      layout_loops_ring
D:4:      layout_loops_ring, minmay_puff

Skill      XL: |  1  2  3  4 |
---------------+-------------+-----
Dodging        | 2 |  2.8
Fighting       | 2 |  2.6
Transmutations | 3 |  3.7
Unarmed Combat | 4 |  4.4
Spellcasting   | |  2.8

Action                     |  1- 3 |  4- 6 || total
---------------------------+-------+-------++-------
  Melee: Unarmed           |    69 |   102 ||   171
         Headbutt          |     8 |    11 ||    19
         Kick              |    11 |    20 ||    31
         Tailslap          |     3 |    11 ||    14
         Punch             |     1 |     1 ||     2
   Cast: Beastly Appendage |    13 |    17 ||    30
         Wereblood         |     2 |     5 ||     7
    Use: Scroll            |       |     4 ||     4
   Stab: Sleeping          |       |     1 ||     1
 Armour: Skin              |    10 |    16 ||    26
  Dodge: Dodged            |    48 |    62 ||   110
